 Dungeon Crawl Stone Soup version 0.21-a0-84-g85d6d27 (webtiles) character file.

32 Alarkh the Chopper (level 3, 29/29 HPs)
             Began as a Demonspawn Monk on June 24, 2017.
             Got out of the dungeon alive.
             The game lasted 00:00:55 (1258 turns).

Alarkh the Chopper (Demonspawn Monk)                Turns: 1258, Time: 00:00:55

Health: 29/29      AC:  2    Str: 11    XL:     3   Next: 8%
Magic:  3/3        EV: 13    Int: 12    God:
Gold:   89         SH:  0    Dex: 15    Spells: 2/2 levels left

rFire    . . .     SeeInvis .   a - +0 hand axe
rCold    . . .     Gourm    .   (no shield)
rNeg     . . .     Faith    .   b - +0 robe
rPois    .         Spirit   .   (no helmet)
rElec    .         Reflect  .   (no cloak)
rCorr    .         Harm     .   (no gloves)
MR       .....                  (no boots)
Stlth    ++........             (no amulet)
HPRegen  0.09/turn              (no ring)
MPRegen  0.08/turn              (no ring)

@: no status effects
A: claws 1, demonic guardian 1
a: no special abilities


You escaped.
You were not hungry.

You visited 1 branch of the dungeon, and saw 2 of its levels.

You collected 89 gold pieces.

Inventory:

Hand Weapons
 a - a +0 hand axe (weapon)
Armour
 b - a +0 robe (worn)
Scrolls
 e - a scroll of remove curse {unknown}
 f - a scroll of identify {unknown}
 i - a scroll of teleportation {unknown}
 j - a scroll of blinking {unknown}
 n - a scroll of amnesia {unknown}
Potions
 k - a potion of mutation {unknown}
 l - a potion of resistance {unknown}
 m - a potion of brilliance
Comestibles
 c - 2 bread rations
 g - 2 meat rations
 h - a royal jelly


   Skills:
 - Level 3.0 Fighting
 + Level 3.9 Axes
 - Level 2.6 Dodging
 - Level 1.7 Stealth


You had 2 spell levels left.
You didn't know any spells.

Dungeon Overview and Level Annotations

Branches:
Dungeon (2/15)

Altars:


Innate Abilities, Weirdness & Mutations

You have sharp fingernails.
A weak demonic guardian rushes to your aid.


Message History

You completely miss the hobgoblin.
The hobgoblin is severely wounded.
The hobgoblin barely misses you.
You hit the hobgoblin.
You kill the hobgoblin!
All of the chunks of flesh in your inventory have rotted away.
No target in view!
(D) Dungeon
Where to? (Enter - D:2 @ (x,y), ? - help)
There is a stone staircase leading up here.
You climb upwards.
There is a stone staircase leading down here.
Unknown command.
There is a stone staircase leading down here.
HP restored.
There is an open door here.
There is an open door here.
There is a staircase leading out of the dungeon here.
Are you sure you want to leave the Dungeon?
This will make you lose the game!
You have escaped!

........###..##.###.#####........
###.....#...###.#...#...#.....#..
#....##.#####.#.###.#.##....#..
#...'##.####..#.....#..#'....>#
#...#......#.##.######..#......
#..#######.#..#.##...#####..###
#..# #...#.##'#'##.#.#...#..#
#..###.#.#.##...##.#.#.#.#..#
#..'.#.#.#..'.@.'..#.#.#.'..#
#..#.#.#.#.##...##.#.#(###..#
#..#...#.#.##'#'##.#....##..#
#..#####...##.#..#.####.##..#
#...#..######.##.#....#.#...#
#...'#..#.....#..####.##'...#
#....##.#.###.#.#####.##....#
#.....#...#...#.###...#.....#
#.....#####.###.##..###.....#


There were no monsters in sight!

Vanquished Creatures
  2 worms (D:2)
  A leopard gecko (D:1)
  2 bats
  2 giant cockroaches
  A hobgoblin (D:2)
  3 jackals (D:2)
  2 ball pythons (D:1)
  2 frilled lizards
  5 goblins
  3 kobolds (D:1)
  2 rats (D:1)
25 creatures vanquished.

Notes
Turn   | Place    | Note
-------+----------+-------------------------------------------
     0 | D:1      | Alarkh the Demonspawn Monk began the quest for the Orb.
     0 | D:1      | Reached XP level 1. HP: 18/18 MP: 1/1
   461 | D:1      | Gained mutation: You have sharp fingernails. [demonic ancestry]
   461 | D:1      | Reached XP level 2. HP: 19/24 MP: 2/2
   996 | D:2      | Gained mutation: A weak demonic guardian rushes to your aid. [demonic ancestry]
   996 | D:2      | Reached XP level 3. HP: 13/29 MP: 3/3
  1258 | D:$      | Got out of the dungeon alive.

Vault maps used:
D:1:      nicolae_arrival_somewhat_less_tricky_arrival, minmay_strange_pillars,
          minmay_tripent
D:2:      uniq_crazy_yiuf_cottage

Skill      XL: |  1 |
---------------+----+-----
Axes           | 3 |  3.9
Fighting       | |  3.0
Dodging        | |  2.6
Stealth        | |  1.7

Action                   || total
-------------------------++-------
Melee: Hand axe          ||    94
  Use: Potion            ||     2
 Stab: Sleeping          ||     2
  Eat: Chunk             ||     1
Armor: Robe              ||    15
Dodge: Dodged            ||    63
